 Dungeon Crawl Stone Soup version 0.25-a0-294-gea9b1ad (webtiles) character file.

Game seed: 3605205936202598567, levelgen mode: deterministic

2432 Spazmo the Thaumaturge (level 9, 0/45 HPs)
             Began as a Deep Elf Wizard on Dec 9, 2019.
             Was an Initiate of Vehumet.
             Slain by a sky beast (5 damage)
             ... on level 7 of the Dungeon on Dec 18, 2019.
             The game lasted 00:20:22 (5866 turns).

Spazmo the Thaumaturge (Deep Elf Wizard)            Turns: 5866, Time: 00:20:23

Health: 0/45       AC:  7    Str:  2    XL:     9   Next: 24%
Magic:  19/34      EV: 12    Int: 27    God:    Vehumet [......]
Gold:   322        SH:  5    Dex: 13    Spells: 19/28 levels left

rFire    . . .     SeeInvis .   o - +1 short sword
rCold    . . .     Gourm    .   w - +0 buckler
rNeg     . . .     Faith    .   a - +0 robe
rPois    +         Spirit   .   b - +1 hat
rElec    .         Reflect  .   r - +0 cloak
rCorr    .         Harm     .   m - +0 pair of gloves
MR       +....                  (no boots)
Stlth    ++........             (no amulet)
HPRegen  0.15/turn              j - ring of protection from magic
MPRegen  0.24/turn              p - ring of magical power

@: no status effects
A: icy blue scales 1, poison resistance, weak 1, no potion heal 1, MP-powered
wands
a: Renounce Religion


You were on level 7 of the Dungeon.
You worshipped Vehumet.
Vehumet was noncommittal.
You were not hungry.

You visited 2 branches of the dungeon, and saw 8 of its levels.

You collected 322 gold pieces.

Inventory:

Hand Weapons
 o - a +1 short sword (weapon)
Missiles
 c - 304 stones (quivered)
Armour
 a - a +0 robe (worn)
 b - a +1 hat (worn)
 m - a +0 pair of gloves (worn)
 r - a +0 cloak (worn)
 w - a +0 buckler (worn)
Jewellery
 h - an uncursed ring of fire
 j - a ring of protection from magic (left hand)
 p - a ring of magical power (right hand)
 x - an uncursed ring of wizardry
Wands
 s - a wand of disintegration (7)
Scrolls
 e - 3 scrolls of teleportation
 g - 5 scrolls of remove curse
 i - 5 scrolls of identify
 k - a scroll of amnesia
 u - a scroll of summoning {unknown}
 y - a scroll of magic mapping {unknown}
Potions
 l - a potion of magic
 n - a potion of invisibility
 q - 2 potions of might
 t - 2 potions of curing
 v - a potion of agility
Comestibles
 d - 10 rations


   Skills:
 - Level 2.4 Dodging
 - Level 2.4 Stealth
 + Level 3.4 Shields
 - Level 10.0 Spellcasting
 + Level 8.9 Conjurations
   Level 1.1 Summonings
 - Level 1.1 Translocations
 - Level 5.0 Fire Magic


You had 19 spell levels left.
You knew the following spells:

 Your Spells              Type           Power        Failure   Level  Hunger
a - Magic Dart            Conj           ####         1%          1    None
b - Blink                 Tloc           N/A          4%          2    None
c - Conjure Flame         Conj/Fire      ######..     1%          3    None
d - Mephitic Cloud        Conj/Pois/Air  ####....     4%          3    None

Your spell library contained the following spells:

 Spells                   Type           Power        Failure   Level  Hunger
 Call Imp                 Summ           ###.....     4%          2    None
 Slow                     Hex            ##......     7%          2    None


Dungeon Overview and Level Annotations

Branches:
Dungeon (7/15)             Temple (1/1) D:5

Altars:
Ashenzari
Elyvilon
Fedhas
Hepliaklqana
Kikubaaqudgha
Nemelex Xobeh
Qazlal
Ru
Sif Muna
Trog
Uskayaw
Vehumet
Xom

Shops:
D:4 (*   D:6 }

Annotations:
D:5 3 runed translucent doors, Caerwyn's ghost, novice OpVM


Innate Abilities, Weirdness & Mutations

You are partially covered in icy blue scales. (AC +2)
Your system is resistant to poisons. (rPois)
You are weak. (Str -2)
Potions are less effective at restoring your health.
You expend magic power (3 MP) to strengthen your wands.


Message History

Confirm with . or Enter, or press ? or * to list all spells.
Aiming: Magic Dart (safe; 1% risk of failure)
Press: ? - help, Shift-Dir - straight line The magic dart hits something but does no damage.
Something hits you. Something shocks you.
Casting: Magic Dart (safe; 1% risk of failure)
Confirm with . or Enter, or press ? or * to list all spells.
Aiming: Magic Dart (safe; 1% risk of failure)
Press: ? - help, Shift-Dir - straight line The magic dart hits something but does no damage.
Something hits you. Something shocks you.
* * * LOW HITPOINT WARNING * * *
Casting: Magic Dart (safe; 1% risk of failure)
Confirm with . or Enter, or press ? or * to list all spells.
Aiming: Magic Dart (safe; 1% risk of failure)
Press: ? - help, Shift-Dir - straight line The magic dart hits something.
Something hits you.
* * * LOW HITPOINT WARNING * * *
Something shocks you.
You die...

#.# #.# #.# #.#
## #.#####..
#.....#.#
#.#####.#.#
#.......#.#.##.#
........@{......
#.......#.#.##.#
#.#####.#.# #
#.#.# #....
.##.# . .. . ..


There were no monsters in sight!

Vanquished Creatures
  A two-headed ogre (D:5)
  Sigmund (D:2)
  Edmund (D:6)
  An orc warrior (D:6)
  A sky beast (D:6)
  2 black bears (D:6)
  A phantom (D:4)
  An ice beast (D:5)
  2 ogres
  3 bullfrogs (D:6)
  A howler monkey (D:4)
  A bullfrog zombie (D:6)
  4 orc wizards
  2 hounds
  An iguana (D:5)
  Terence (D:2)
  2 worker ants
  A howler monkey zombie (D:6)
  4 gnolls (D:6)
  7 adders
  2 shadow imps (D:5)
  2 oozes
  An adder zombie (D:6)
  An adder skeleton (D:6)
  2 worms (D:2)
  A dart slug (D:1)
  27 orcs
  A ball python (D:2)
  5 bats
  6 giant cockroaches
  9 goblins
  4 hobgoblins
  9 jackals
  A quokka (D:3)
  3 frilled lizards
  7 kobolds
  6 rats
125 creatures vanquished.

Notes
Turn   | Place    | Note
-------+----------+-------------------------------------------
     0 | D:1      | Spazmo the Deep Elf Wizard began the quest for the Orb.
     0 | D:1      | Reached XP level 1. HP: 10/10 MP: 7/7
   320 | D:1      | Reached XP level 2. HP: 15/15 MP: 7/9
   324 | D:1      | Learned a level 2 spell: Blink
  1066 | D:2      | Reached skill level 5 in Spellcasting
  1178 | D:2      | Reached XP level 3. HP: 17/19 MP: 0/11
  1183 | D:2      | Learned a level 3 spell: Conjure Flame
  1575 | D:2      | Upgraded the game from 0.25-a0-277-g7046ed1 to
                  | 0.25-a0-294-gea9b1ad
  1698 | D:2      | Reached XP level 4. HP: 24/24 MP: 8/13
  1703 | D:2      | Learned a level 3 spell: Mephitic Cloud
  1808 | D:2      | Noticed Terence
  1836 | D:2      | Killed Terence
  1836 | D:2      | Reached skill level 6 in Spellcasting
  2098 | D:2      | Noticed Sigmund
  2116 | D:2      | Killed Sigmund
  2116 | D:2      | Reached skill level 7 in Spellcasting
  2116 | D:2      | Reached XP level 5. HP: 20/28 MP: 11/16
  2116 | D:2      | Reached XP level 6. HP: 23/32 MP: 11/18
  2121 | D:2      | Gained mutation: Potions are less effective at restoring
                  | your health. [potion of mutation]
  2121 | D:2      | Gained mutation: Your system is resistant to poisons.
                  | (rPois) [potion of mutation]
  2121 | D:2      | Gained mutation: You are clumsy. (Dex -2) [potion of
                  | mutation]
  2121 | D:2      | Gained mutation: Your muscles are strong. (Str +2) [potion
                  | of mutation]
  2123 | D:2      | Lost mutation: You are clumsy. (Dex -2) [potion of
                  | mutation]
  2123 | D:2      | Lost mutation: Your muscles are strong. (Str +2) [potion of
                  | mutation]
  2123 | D:2      | Gained mutation: You expend magic power (3 MP) to
                  | strengthen your wands. [potion of mutation]
  2123 | D:2      | Gained mutation: You are weak. (Str -2) [potion of
                  | mutation]
  2123 | D:2      | Gained mutation: You are partially covered in icy blue
                  | scales. (AC +2) [potion of mutation]
  2381 | D:3      | Reached skill level 5 in Conjurations
  2578 | D:3      | Found a sacrificial altar of Ru.
  2620 | D:3      | Found a stormy altar of Qazlal.
  2746 | D:4      | Found Suipsokk's Lightly-Used Armoury.
  2771 | D:4      | Reached skill level 8 in Spellcasting
  2822 | D:4      | Found Ebateosoir's Antique Weapon Shop.
  3058 | D:4      | Reached XP level 7. HP: 36/36 MP: 20/20
  3095 | D:4      | Reached skill level 1 in Fire Magic
  3133 | D:4      | Found an ancient bone altar of Kikubaaqudgha.
  3255 | D:4      | Found a shimmering altar of Xom.
  3562 | D:5      | Entered Level 5 of the Dungeon
  3567 | D:5      | Found a runed translucent gate.
  3567 | D:5      | Found a runed translucent gate.
  3567 | D:5      | Found a runed translucent gate.
  3567 | D:5      | Noticed Caerwyn's ghost (novice OpVM)
  3649 | D:5      | Noticed a two-headed ogre
  3692 | D:5      | Killed a two-headed ogre
  3692 | D:5      | Reached skill level 9 in Spellcasting
  3692 | D:5      | Reached XP level 8. HP: 23/41 MP: 0/23
  3842 | D:5      | Found a staircase to the Ecumenical Temple.
  3868 | Temple   | Entered the Ecumenical Temple
  3875 | Temple   | Became a worshipper of Vehumet
  4622 | D:6      | Found Uchoduc's Gadget Shoppe.
  4640 | D:6      | Reached skill level 10 in Spellcasting
  4685 | D:6      | Reached skill level 1 in Shields
  4685 | D:6      | Reached skill level 5 in Fire Magic
  4892 | D:6      | Found a hazy altar of Hepliaklqana.
  5037 | D:6      | Reached XP level 9. HP: 45/45 MP: 25/25
  5055 | D:6      | Found a blossoming altar of Fedhas.
  5125 | D:6      | Found a bloodstained altar of Trog.
  5602 | D:6      | Noticed Edmund
  5646 | D:6      | Killed Edmund
  5866 | D:7      | Slain by a sky beast

Levels and vault maps discovered:
D:1:      eino_arrival_water_star, layout_basic
D:2:      layout_basic, uniq_sigmund, uniq_terence
D:3:      layout_rooms, grunt_qazlal_sundering, nicolae_ru_awakened_eye,
          first_ration, minmay_pentomino_pile
D:4:      layout_loops_corners, lemuel_coloured_pillars_altar, xom_teletrap_fun,
          serial_shops, shop, minmay_shop_damaged
D:5:      layout_loops_corners, minmay_temple_entry_crystal_x,
          ebering_ghost_rock_garden
D:6:      layout_loops_ring, trog_ov_bears_minmay, basic_altar, serial_shops,
          shop, fedhas_altar_fruit_tree, uniq_edmund
D:7:      minmay_the_grid_four_pointed_star
          [minmay_the_grid_triangle_9x9_dagger,
          minmay_the_grid_triangle_9x9_flanged_cone,
          minmay_the_grid_triangle_9x9_limited_checkers,
          minmay_the_grid_triangle_9x9_minimal,
          minmay_the_grid_prize_trominoes], layout_basic, serial_rivers,
          chequers_serial_rivers_micro_e, chequers_serial_rivers_small_3,
          chequers_serial_rivers_small_b, chequers_serial_rivers_small_b,
          chequers_serial_rivers_room_a, minmay_misc_feat_roman
Temple:   cyrus_circular_temple

Skill      XL: |  1  2  3  4  5  6  7  8  9 |
---------------+----------------------------+-----
Conjurations   | 2 3 4 5 7 8 |  8.9
Spellcasting   | 5 7 8 9 10 | 10.0
Fire Magic     | 4 5 |  5.0
Shields        | 2 3 |  3.4
Dodging        | |  2.4
Stealth        | |  2.4
Summonings     | |  1.1
Translocations | |  1.1

Action                   |  1- 3 |  4- 6 |  7- 9 || total
-------------------------+-------+-------+-------++-------
Melee: Unarmed           |    13 |       |       ||    13
       Hand axe          |    15 |       |       ||    15
 Cast: Magic Dart        |    85 |   120 |   259 ||   464
       Mephitic Cloud    |       |     1 |     5 ||     6
       Conjure Flame     |       |       |     9 ||     9
       Blink             |       |       |     4 ||     4
Evoke: Wand              |       |     1 |     9 ||    10
  Use: Potion            |     5 |     2 |     1 ||     8
       Scroll            |     1 |     8 |     3 ||    12
  Eat: Chunk             |     2 |     4 |     5 ||    11
       Ration            |       |       |     1 ||     1
Armor: Robe              |    13 |     4 |    19 ||    36
       Skin              |     3 |       |       ||     3
Dodge: Dodged            |    35 |    15 |    40 ||    90
Block: Buckler           |       |       |    14 ||    14

Table legend:
 A = Non-vault XP
 B = Vault XP
 C = Vault XP percentage of total XP
 D = Non-vault monster count
 E = Vault monster count
 F = Vault count percentage of total count
                 A         B        C        D         E       F
            +---------+---------+-------+---------+---------+-------
      Total |    2771 |     704 |  20.3 |     115 |      10 |   8.0
            +---------+---------+-------+---------+---------+-------
        D:1 |      21 |       0 |   0.0 |      11 |       0 |   0.0
        D:2 |     105 |     274 |  72.3 |      30 |       2 |   6.2
        D:3 |     151 |       9 |   5.6 |      24 |       5 |  17.2
        D:4 |     440 |       0 |   0.0 |      13 |       0 |   0.0
        D:5 |    1145 |       0 |   0.0 |      14 |       0 |   0.0
        D:6 |     873 |     421 |  32.5 |      22 |       3 |  12.0
        D:7 |      36 |       0 |   0.0 |       1 |       0 |   0.0
            +---------+---------+-------+---------+---------+-------
